 Dungeon Crawl Stone Soup version 0.32-a0-928-g1cae6b7ea0 (webtiles) character file.

Game seed: 1448599188391414390

478 Returnofthet the Apothecary (level 7, -1/57 HPs)
             Began as a Naga Alchemist on Apr 12, 2024.
             Slain by Pikel
             ... wielding a +0 whip of flaming
              (5 damage)
             ... on level 4 of the Dungeon.
             The game lasted 00:12:45 (5457 turns).

Returnofthet the Apothecary (Naga Alchemist)        Turns: 5457, Time: 00:12:46

Health: -1/57      AC:  3    Str: 11    XL:     7   Next: 11%
Magic:  1/12       EV:  9    Int: 23    God:
Gold:   190        SH:  0    Dex: 11    Spells: 5/13 levels left

rFire   . .          .
                       - Unarmed
rCold   . . .        (no shield)
rNeg    . . .        a - +0 robe
rPois   +            (no helmet)
rElec   .            l - scarf {+Inv}
rCorr   .            (no gloves)
SInv    +            (no barding)
Will    .....        (no amulet)
Stlth   +++          h - +6 ring of intelligence
HPRegen 0.29/turn    (no ring)
MPRegen 0.13/turn

%: no passive effects
@: short of breath, very slightly contaminated, very slow
A: AC +2, large, see invisible, deformed body, poison resistance, slowness 2,
spit poison 1, naga tail 1
a: Spit Poison, Evoke Invisibility


You were on level 4 of the Dungeon.
You visited 1 branch of the dungeon, and saw 4 of its levels.

You collected 190 gold pieces.

Inventory:

Missiles
 g - 16 stones
Armour
 a - a +0 robe (worn)
 l - a scarf of invisibility (worn)
Jewellery
 h - a +6 ring of intelligence (left hand)
Wands
 p - a wand of warping (4)
Scrolls
 c - 4 scrolls of identify {unknown}
 i - a scroll of enchant weapon {unknown}
 j - a scroll of acquirement {unknown}
 k - a scroll of blinking {unknown}
 m - a scroll of revelation {unknown}
 n - a scroll of vulnerability {unknown}
 o - a scroll of poison {unknown}
Potions
 d - 2 potions of heal wounds {unknown}
 e - 3 potions of ambrosia {unknown}
 f - a potion of might {unknown}
 q - 2 potions of degeneration {unknown}


   Skills:
 + Level 1.2 Fighting
 + Level 2.2 Dodging
 + Level 4.7 Stealth
 + Level 1.6 Unarmed Combat
 + Level 3.5 Spellcasting
 + Level 2.9 Conjurations
 + Level 0.1 Air Magic
 * Level 5.9 Alchemy


You had 5 spell levels left.
You knew the following spells:

 Your Spells              Type           Power      Damage    Failure   Level
a - Sting                 Conj/Alch      96%        1d9       1%          1
b - Mephitic Cloud        Conj/Alch/Air  18%        N/A       10%         3
c - Olgreb's Toxic Radia  Alch           31%        N/A       10%         4

Your spell library contained the following spells:

 Spells                   Type           Power      Damage    Failure   Level
 Magic Dart               Conj           68%        1d6       3%          1
 Mercury Vapours          Alch/Air       36%        N/A       4%          2
 Searing Ray              Conj           34%        2d5       4%          2
 Freeze                   Ice            16%        1d4       11%         1
 Fulminant Prism          Conj/Alch      12%        3d9       17%         4
 Hailstorm                Conj/Ice       10%        3d6       19%         3
 Frozen Ramparts          Ice            8%         1d2       32%         3
 Inner Flame              Hex/Fire       4%         N/A       32%         3
 Sticky Flame             Fire/Alch      17%        2d5       32%         4
 Flame Wave               Conj/Fire      10%        2d6       52%         4


Dungeon Overview and Level Annotations

Branches:
Dungeon (4/15)
 Temple: D:4-7

Altars:

Shops:
D:1 =   D:2 !   D:4 !

Annotations:
D:4 Pikel


Innate Abilities, Weirdness & Mutations

Your serpentine skin is tough. (AC +2)
You have supernaturally acute eyesight. (SInv)
Armour fits poorly on your strangely shaped body.
Your system is resistant to poisons. (rPois)
You cover ground very slowly.
You can spit poison.
You have a snake-like lower body.


Message History

You are very lightly contaminated with residual magic.
Nothing appears to happen.
The lemure hits you.
Casting: Olgreb's Toxic Radiance (dangerous; 10% risk of failure)
Confirm with . or Enter, or press ? or * to list all spells.
You begin to radiate toxic energy.
Pikel looks as sick as possible!
The lemure looks even sicker.
The lemure closely misses you.
Unknown command.
Casting: Olgreb's Toxic Radiance (dangerous; 10% risk of failure)
Confirm with . or Enter, or press ? or * to list all spells.
You don't have enough magic to cast this spell.
Aiming: Spit Poison (1% risk of failure)
Press: ? - help, Shift-Dir - straight line, f - lemure, p - Pikel
Aim: a lemure (heavily wounded, very poisoned, 50% to hit)
The splash of poison hits the lemure.
The lemure looks as sick as possible!
You kill the lemure!
That felt strangely unrewarding.
Your toxic aura wanes.
You kill the lemure!
That felt strangely unrewarding.
Pikel completely misses you.
Unknown command.
You have got your breath back.
Pikel hits you with a +0 whip of flaming!
Pikel burns you.
Unknown command.
You closely miss Pikel.
Pikel is almost dead.
Pikel says, "I touched Geryon's horn once."
Pikel hits you with a +0 whip of flaming!
* * * LOW HITPOINT WARNING * * *
Pikel burns you.
* * * LOW HITPOINT WARNING * * *
Aiming: Spit Poison (1% risk of failure)
Press: ? - help, Shift-Dir - straight line, f/p - lemure
Aim: a lemure (almost dead, poisoned, 50% to hit)
The splash of poison misses Pikel.
The splash of poison hits the lemure.
You kill the lemure!
That felt strangely unrewarding.
Pikel hits you with a +0 whip of flaming.
You die...
Pikel says, "Another soul for the market."

.# #.#.#.#.### .######
###.#.#.....# ...
......####.........#.##...#
.................†.†)......
######.###...#.#.#...#...#
#.# #####.#.#...#.. .#
######.###...#.#.#....#....
.............#.#K#.....^...
.............#.#@##.#######
.............#.#...........
.#######.#...#.#...#######.
#.#...#......#
#.#..)#).....#
#............#
##...>.......#
##...#.#########
###.#.........#


You could see Pikel (very poisoned).

Vanquished Creatures
  A black bear (D:4)
  An ogre (D:3)
  4 lemures (D:4)
  2 scorpions (D:4)
  A bombardier beetle (D:3)
  Ijyb (D:3)
  4 gnolls (D:4)
  2 adders
  3 dart slugs
  2 ribbon worms
  An orc (D:4)
  7 endoplasms
  A giant cockroach (D:1)
  7 goblins
  9 hobgoblins
  9 kobolds
  5 quokkas
  9 ball pythons
  4 bats
  2 frilled lizards
  3 rats (D:1)
78 creatures vanquished.

Notes
Turn   | Place    | Note
-------+----------+-------------------------------------------
     0 | D:1      | Returnofthet the Naga Alchemist began the quest for the
                  | Orb.
     0 | D:1      | Reached XP level 1. HP: 15/15 MP: 3/3
   246 | D:1      | Reached XP level 2. HP: 22/22 MP: 5/5
   353 | D:1      | Reached skill level 4 in Alchemy
   496 | D:1      | Found Luic Bol's Jewellery Shop.
   823 | D:1      | Reached XP level 3. HP: 16/28 MP: 4/6
  1527 | D:2      | Learned a level 3 spell: Mephitic Cloud
  1888 | D:2      | Found Oragenge's Distillery.
  2545 | D:3      | Reached XP level 4. HP: 37/37 MP: 0/7
  3194 | D:3      | Noticed an ogre
  3201 | D:3      | Killed an ogre
  3202 | D:3      | Reached skill level 1 in Unarmed Combat
  3202 | D:3      | Reached skill level 5 in Alchemy
  3202 | D:3      | Reached XP level 5. HP: 43/43 MP: 0/8
  3976 | D:3      | Noticed Ijyb
  3985 | D:3      | Killed Ijyb
  4754 | D:4      | Reached XP level 6. HP: 39/50 MP: 8/10
  5237 | D:4      | Learned a level 4 spell: Olgreb's Toxic Radiance
  5320 | D:4      | Noticed a black bear
  5350 | D:4      | Found Xauremn's Distillery.
  5361 | D:4      | Reached skill level 1 in Fighting
  5425 | D:4      | Killed a black bear
  5429 | D:4      | Noticed Pikel
  5430 | D:4      | Reached XP level 7. HP: 57/57 MP: 2/12
  5457 | D:4      | Slain by Pikel

Illustrated notes

Levels and vault maps discovered:
D:1:      psy_arrival_statuary, layout_basic, serial_rivers,
          chequers_serial_rivers_small_3, chequers_serial_rivers_marsh,
          chequers_serial_rivers_small_3, chequers_serial_rivers_micro_a,
          chequers_serial_rivers_micro_e, chequers_serial_rivers_small_3,
          serial_shops, shop
D:2:      layout_basic, serial_shops, shop
D:3:      layout_basic, wander_ebering_terrifying_dragon_lair, uniq_ijyb
D:4:      layout_basic, serial_shops, nicolae_shop_stone, uniq_pikel

Skill      XL: |  1  2  3  4  5  6 |
---------------+-------------------+-----
Alchemy        | 4 5 |  5.9
Dodging        | 2 |  2.2
Stealth        | 4 |  4.7
Unarmed Combat | 1 |  1.6
Conjurations   | 2 |  2.9
Spellcasting   | 3 |  3.5
Fighting       | 1 |  1.2
Air Magic      | |  0.1

Action                     |  1- 3 |  4- 6 |  7- 9 || total
---------------------------+-------+-------+-------++-------
  Melee: Unarmed           |    46 |    31 |     9 ||    86
   Cast: Sting             |    42 |    43 |     1 ||    86
         Mephitic Cloud    |     1 |     3 |       ||     4
         Olgreb's Toxic Ra |       |       |     3 ||     3
Ability: Spit Poison       |    31 |    20 |     4 ||    55
    Use: Potion            |       |       |     1 ||     1
   Stab: Sleeping          |       |     1 |       ||     1
 Armour: Robe              |    31 |    32 |    12 ||    75
  Dodge: Dodged            |    43 |    30 |     5 ||    78

Table legend: (Time is in decaauts)
 A = Elapsed time spent in this place.
 B = Non-inter-level travel time spent in this place.
 C = Inter-level travel time spent in this place.
 D = Time resting spent in this place.
 E = Time spent auto-exploring this place.
 F = Levels seen in this place.
 G = Mean time per level.
                   A        B        C        D        E       F      G
               +--------+--------+--------+--------+--------+-----+--------+
         Total |   6371 |   6166 |    205 |   2461 |   3028 |   4 | 1592.8 |
       Dungeon |   6371 |   6166 |    205 |   2461 |   3028 |   4 | 1592.8 |
               +--------+--------+--------+--------+--------+-----+--------+

Top non-repeatable levels by time:
     D:3: 2589 daAuts
     D:1: 1853 daAuts
     D:2: 1127 daAuts
     D:4: 801 daAuts
